 Dungeon Crawl Stone Soup version 0.20.0-10-g0535bb4 (console) character file.

5 jeanjacques the Chiller (level 1, 0/11 HPs)
             Began as an Octopode Ice Elementalist on June 6, 2017.
             Slain by a goblin
             ... wielding a +0 club
              (3 damage)
             ... on level 2 of the Dungeon.
             The game lasted 00:00:46 (254 turns).

jeanjacques the Chiller (Octopode Ice Elementalist)  Turns: 254, Time: 00:00:47

Health: 0/11       AC:  1    Str:  7    XL:     1   Next: 80%
Magic:  3/3        EV: 13    Int: 17    God:
Gold:   31         SH:  0    Dex: 12    Spells: 3/4 levels left

rFire    . . .     SeeInvis .   a - +0 dagger (curse)
rCold    . . .     Gourm    .   (no shield)
rNeg     . . .     Faith    .   (helmet restricted)
rPois    .         Spirit   .   (no amulet)
rElec    .         Reflect  .   (no ring)
rCorr    .         Harm     .   (no ring)
MR       .....                  (no ring)
Stlth    +++.......             (no ring)
Regen    0.1/turn               (no ring)
MPRegen  0.1/turn               (no ring)
                                (no ring)
                                (no ring)

@: no status effects
A: almost no armour, stealthy swim, amphibious, 8 rings, constrict 8, camouflage
1, gelatinous body 1
a: no special abilities


You were on level 2 of the Dungeon.
You were not hungry.

You visited 1 branch of the dungeon, and saw 2 of its levels.

You collected 31 gold pieces.

Inventory:

Hand Weapons
 a - a cursed +0 dagger (weapon)
Missiles
 d - 15 stones (quivered)
Scrolls
 e - a scroll of fog {unknown}
 f - a scroll of enchant armour {unknown}
Books
 c - a book of Frost

   Spells                             Type                      Level
   a - Freeze                         Ice                          1
   b - Throw Frost                    Conjuration/Ice              2
   c - Ozocubu's Armour               Charms/Ice                   3
   d - Throw Icicle                   Conjuration/Ice              4
   e - Summon Ice Beast               Ice/Summoning                4
Comestibles
 b - a bread ration
 g - 2 chunks of flesh {@w1}


   Skills:
 - Level 2.0 Dodging
 - Level 2.6 Stealth
 + Level 2.2 Spellcasting
   Level 1.0 Conjurations
 + Level 3.2 Ice Magic


You had 3 spell levels left.
You knew the following spells:

 Your Spells              Type           Power        Failure   Level  Hunger
a - Freeze                Ice            ##..         4%          1    #......


Dungeon Overview and Level Annotations

Branches:
Dungeon (2/15)

Altars:
Elyvilon


Innate Abilities, Weirdness & Mutations

You cannot wear most types of armour.
You are very stealthy in the water. (Stealth+)
You are amphibious.
You can wear up to eight rings at the same time.
You can use your tentacles to constrict eight enemies at once.
Your skin changes colour to match your surroundings (Stealth+).
Your rubbery body absorbs attacks. (AC +1, EV +1)


Message History

You miscast Freeze.
You shiver with cold.
The quokka bites you.
Aiming: Freeze
Aim: a quokka You freeze the quokka.
The quokka is heavily wounded.
The quokka barely misses you. The quokka misses you.
The quokka barely misses you.
Here: a quokka (heavily wounded)
The floor.
Unknown command.
Aiming: Freeze
Aim: a quokka (heavily wounded)
You freeze the quokka.
You kill the quokka!
Found 11 gold pieces.
Found a scroll labeled AWEUQI HOILL.
Found a white marble altar of Elyvilon.
There is a stone staircase leading up here.
You climb upwards.
There is a stone staircase leading down here.
A rat comes into view.
Things that are here:
a dagger; a goblin skeleton Your magical contamination has completely faded away.
Magic restored.
A goblin comes into view.
A goblin is nearby!
The goblin hits you.
* * * LOW HITPOINT WARNING * * *
Aiming: Freeze
Aim: a goblin You freeze the goblin.
You kill the goblin!
Found 13 gold pieces.
A hobgoblin comes into view.
There is a stone staircase leading down here.
You climb downwards.
The goblin hits you with a club.
* * * LOW HITPOINT WARNING * * *
The goblin hits you with a club.
You die...

........# .?
........# ##...
........## .#.._
.........###.....
#..$........#......
#.#######.#........
####.#####
#g#..###...
#........# #.#g.#
#........# #.#.x#
#........###...##
#...............#
#...................
####.####........###
#.# ###...##.# #.#
#.### .# #.# ... ..
#.# ..### ...


You could see a goblin.

Vanquished Creatures
  A giant cockroach (D:1)
  2 goblins (D:1)
  A quokka (D:2)
4 creatures vanquished.

Notes
Turn   | Place    | Note
-------+----------+-------------------------------------------
     0 | D:1      | jeanjacques the Octopode Ice Elementalist began the quest for the Orb.
     0 | D:1      | Reached XP level 1. HP: 11/11 MP: 3/3
   164 | D:2      | Found a white marble altar of Elyvilon.
   254 | D:2      | Slain by a goblin

Action                   || total
-------------------------++-------
 Cast: Freeze            ||     6
Dodge: Dodged            ||     5

Table legend:
 A = Turns spent in this place as a percentage of turns spent in the entire game.
 B = Non-inter-level travel turns spent in this place as a percentage of non-inter-level travel turns spent in the entire game.
 C = Inter-level travel turns spent in this place as a percentage of turns spent in this place.
 D = Turns resting spent in this place as a percentage of non-inter-level travel turns spent in this place.
 E = Turns spent auto-exploring this place as a percentage of non-inter-level travel turns spent in this place.
 F = Non-inter-level travel turns spent in this place divided by the number of levels of this place that you've seen.
                   A       B       C       D       E      F
               +-------+-------+-------+-------+-------+----------------------
         Total | 100.0 | 100.0 |   2.7 |   0.0 |  14.5 |  55.0
       Dungeon | 100.0 | 100.0 |   2.7 |   0.0 |  14.5 |  55.0
               +-------+-------+-------+-------+-------+----------------------

Table legend:
 A = Kills in this place as a percentage of kills in entire the game.
 B = Kills by you in this place as a percentage of kills by you in the entire game.
 C = Kills by friends in this place as a percentage of kills by friends in the entire game.
 D = Other kills in this place as a percentage of other kills in the entire game.
 E = Experience gained in this place as a percentage of experience gained in the entire game.
 F = Experience gained in this place divided by the number of levels of this place that you have seen.
                   A       B       C       D       E      F
               +-------+-------+-------+-------+-------+----------------------
         Total | 100.0 | 100.0 |  -nan |  -nan | 100.0 |   4.0
       Dungeon | 100.0 | 100.0 |  -nan |  -nan | 100.0 |   4.0
               +-------+-------+-------+-------+-------+----------------------

Vault maps used:
D:1:      minmay_arrival_widening_spiral_wide
D:2:      grunt_temple_overflow_open, corner_web_ring

Action                   || total
-------------------------++-------
 Cast: Freeze            ||     6
Dodge: Dodged            ||     5
